 Dungeon Crawl Stone Soup version 0.19.5 (webtiles) character file.

88 Nelagord the Skirmisher (level 4, -2/30 HPs)
             Began as a Gargoyle Fighter on Mar 15, 2017.
             Slain by Nelagord's ghost (10 damage)
             ... on level 3 of the Dungeon.
             The game lasted 00:06:01 (1440 turns).

Nelagord the Skirmisher (Gargoyle Fighter)          Turns: 1440, Time: 00:06:02

Health: -2/30      AC: 15    Str: 25    XL:     4   Next: 54%
Magic:  4/4        EV:  6    Int:  8    God:
Gold:   125        SH:  9    Dex: 10    Spells: 0 memorised, 3 levels left

rFire  . . .     SeeInvis .     a - +0 trident
rCold  . . .     Gourm    .     i - +0 shadow dragon scales
rNeg   + . .     Faith    .     c - +0 shield
rPois  ∞         Spirit   .     (no helmet)
rElec  +         Reflect  .     l - -1 cloak (curse)
rCorr  .         Harm     .     (no gloves)
MR     .....                    (no boots)
Stlth  +++.......               (no amulet)
                                (no ring)
                                (no ring)

@: mighty
A: negative energy resistance 1, electricity resistance, unbreathing,
petrification resistance, rot immunity, AC +3
a: no special abilities


You were on level 3 of the Dungeon.
You were not hungry.

You visited 1 branch of the dungeon, and saw 3 of its levels.

You collected 125 gold pieces.

Inventory:

Hand Weapons
 a - a +0 trident (weapon)
Armour
 b - a +0 scale mail
 c - a +0 shield (worn)
 i - +0 shadow dragon scales (worn)
 l - a cursed -1 cloak (worn)
Scrolls
 e - a scroll of amnesia {unknown}
 g - 2 scrolls of magic mapping {unknown}
 j - a scroll of recharging {unknown}
 m - 2 scrolls of identify {unknown}
 p - a scroll of remove curse {unknown}
 q - a scroll of enchant armour {unknown}
Potions
 h - 2 potions of degeneration {unknown}
 k - a potion of brilliance {unknown}
 n - 3 potions of curing {unknown}
 o - a potion of agility {unknown}
Comestibles
 f - a bread ration


   Skills:
 * Level 4.4 Fighting
 - Level 1.7 Polearms
 + Level 4.1 Armour
 - Level 0.8 Dodging
 + Level 1.7 Stealth
 - Level 3.2 Shields


You had 3 spell levels left.
You didn't know any spells.

Dungeon Overview and Level Annotations

Branches:
Dungeon (3/15)

Altars:
Elyvilon

Annotations:
D:3 Nelagord's ghost, amateur MiGl


Innate Abilities, Weirdness & Mutations

You are resistant to torment.
Your stone body is resilient. (AC +3)
You are immune to poison.
You resist negative energy. (rN+)
You are resistant to electric shocks. (rElec)
You can survive without breathing.
You are immune to petrification.
You are immune to rotting.


Message History

You closely miss Nelagord's ghost.
Nelagord's ghost is moderately damaged.
Nelagord's ghost hits you.
* * * LOW HITPOINT WARNING * * *
Your shield and shadow dragon scales prevent you from hitting Nelagord's ghost.
Nelagord's ghost is moderately damaged.
You block Nelagord's ghost's attack.
You puncture Nelagord's ghost!
Nelagord's ghost is heavily damaged.
You block Nelagord's ghost's attack. x2
You barely miss Nelagord's ghost.
Nelagord's ghost is heavily damaged.
Nelagord's ghost hits you but does no damage.
You puncture Nelagord's ghost!
Nelagord's ghost is almost destroyed.
You block Nelagord's ghost's attack.
You miss Nelagord's ghost.
Nelagord's ghost is almost destroyed.
Nelagord's ghost hits you!
You die...

#......W...#
#..........#
..........# ##
##........## ..
####..%...%...# ####.
........=.....#
......####..........#
#..@Wb...†......#
#####
#####K..........# #
#..... ##.[.........
. ####.....
#..#......### #
.........###
####.####.##.# ...
......####....# .# .#
#..#.#...[....#### ..
..### #..#.###....###
#.##....##
#....>.#...########
.........


You could see Nelagord's ghost, a bat and a kobold.

Vanquished Creatures
  3 adders
  A worm (D:2)
  2 dart slugs (D:1)
  A leopard gecko (D:1)
  A ball python (D:1)
  A giant cockroach (D:1)
  8 goblins
  7 hobgoblins
  9 jackals
  2 quokkas (D:2)
  5 bats
  2 frilled lizards (D:1)
  2 kobolds
  3 rats
47 creatures vanquished.

Notes
Turn   | Place    | Note
-------+----------+-------------------------------------------
     0 | D:1      | Nelagord the Gargoyle Fighter began the quest for the Orb.
     0 | D:1      | Reached XP level 1. HP: 14/14 MP: 1/1
   122 | D:1      | Reached XP level 2. HP: 19/19 MP: 2/2
   374 | D:1      | Reached XP level 3. HP: 23/24 MP: 3/3
   778 | D:2      | Reached skill level 1 in Stealth
   856 | D:2      | Found a white marble altar of Elyvilon.
   916 | D:2      | Reached XP level 4. HP: 29/29 MP: 4/4
  1396 | D:3      | Noticed Nelagord's ghost (amateur MiGl)
  1440 | D:3      | Slain by Nelagord's ghost

Skill      XL: |  1  2  3  4 |
---------------+-------------+-----
Fighting       | 4 |  4.4
Stealth        | 1 |  1.7
Armour         | 4 |  4.1
Polearms       | |  1.7
Dodging        | |  0.8
Shields        | |  3.2

Action                   |  1- 3 |  4- 6 || total
-------------------------+-------+-------++-------
Melee: Trident           |   119 |    89 ||   208
  Use: Potion            |       |     1 ||     1
 Stab: Sleeping          |     6 |     3 ||     9
  Eat: Bread ration      |       |     1 ||     1
Armor: Scale mail        |    20 |       ||    20
       Shadow dragon sca |    52 |    51 ||   103
Dodge: Dodged            |    24 |    23 ||    47
Block: Shield            |    66 |    52 ||   118
